 Dungeon Crawl Stone Soup version 0.28.0-53-g5a82cb258f (webtiles) character file.

Game seed: 5341031395909429950

20 purpskrrrp the Chopper (level 2, -8/19 HPs)
             Began as a Demonspawn Wanderer on June 23, 2022.
             Mangled by Terence
             ... wielding a +3 flail of venom
              (10 damage)
             ... on level 2 of the Dungeon.
             The game lasted 00:05:17 (1011 turns).

purpskrrrp the Chopper (Demonspawn Wanderer)        Turns: 1011, Time: 00:05:21

Health: -8/19      AC:  3    Str: 12    XL:     2   Next: 58%
Magic:  4/6        EV: 11    Int: 11    God:
Gold:   41         SH:  4    Dex: 14    Spells: 6/7 levels left

rFire   . . .      SeeInvis .   a - +2 hand axe
rCold   . . .      Faith    .   b - +0 buckler
rNeg    . . .      Spirit   .   d - +0 leather armour
rPois   .          Reflect  .   (no helmet)
rElec   .          Harm     .   (no cloak)
rCorr   .          Rampage  .   (no gloves)
Will    +....                   (no boots)
Stlth   +.........              (no amulet)
HPRegen 0.06/turn               g - ring of willpower
MPRegen 0.10/turn               (no ring)

@: lethally poisoned (-8 -> -14), very slightly contaminated
A: demonic guardian 1
a: no special abilities


You were on level 2 of the Dungeon.
You visited 1 branch of the dungeon, and saw 2 of its levels.

You collected 41 gold pieces.

Inventory:

Hand Weapons
 a - a +2 hand axe (weapon)
 i - a +0 trident
Missiles
 c - 96 stones
Armour
 b - a +0 buckler (worn)
 d - a +0 leather armour (worn)
 f - a +0 barding
Jewellery
 g - a ring of willpower (left hand)
Scrolls
 h - a scroll of identify {unknown}
Potions
 e - a potion of haste {unknown}


   Skills:
 + Level 3.3 Axes
 + Level 1.0 Throwing
 + Level 1.0 Armour
 + Level 1.0 Dodging
 + Level 1.0 Shields
 + Level 3.2 Spellcasting


You had 6 spell levels left.
You knew the following spells:

 Your Spells              Type           Power      Damage    Failure   Level
a - Sandblast             Erth           2%         2d4       41%         1

Your spell library contained the following spells:

 Spells                   Type           Power      Damage    Failure   Level
 Stone Arrow              Conj/Erth      2%         3d7       80%         3


Dungeon Overview and Level Annotations

Branches:
Dungeon (2/15)

Altars:

Shops:
D:1 [(:((

Annotations:
D:2 Terence


Innate Abilities, Weirdness & Mutations

A weak demonic guardian rushes to your aid.


Message History

Found 13 gold pieces.
Found a stone staircase leading up.
There is a stone staircase leading up here.
Aiming: Sandblast (safe; 41% risk of failure)
Press: ? - help, Q - select action, (/) - cycle Shift-Dir - straight line, f - Terence
Aim: Terence, wielding a +3 flail of venom and wearing a +0 scale mail (81% to hit)
The blast of sand hits Terence but does no damage.
Terence says, "Did you write a will?
You should..."
Aiming: Sandblast (safe; 41% risk of failure)
Press: ? - help, Q - select action, (/) - cycle Shift-Dir - straight line, f/p - Terence
Aim: Terence, wielding a +3 flail of venom and wearing a +0 scale mail (81% to hit)
You miscast Sandblast.
You are very lightly contaminated with residual magic.
Nothing appears to happen.
You hit Terence but do no damage.
Terence hits you with a +3 flail of venom.
You are poisoned.
You barely miss Terence.
You feel very sick. Terence barely misses you.
You hit Terence.
Terence is lightly wounded.
You feel sick. Terence barely misses you.
You closely miss Terence.
Terence is lightly wounded.
You feel sick. Terence hits you but does no damage.
You are lethally poisoned!
A frilled lizard comes into view.
You hit Terence but do no damage.
Terence is lightly wounded.
* * * LOW HITPOINT WARNING * * *
You feel very sick. You block Terence's attack.
You hit Terence.
Terence is moderately wounded.
* * * LOW HITPOINT WARNING * * *
You feel sick.
Terence says, "Don't bother to defend, it's pointless."
Terence hits you with a +3 flail of venom!
Ouch! That really hurt!
You die...

#.....#
#......
.....#
....#
...##
#...
#..#
#.@#
#....@.#
#.####.#
.. .# #
<$ #..
#l ..


You could see Terence and a frilled lizard.

Vanquished Creatures
  2 ball pythons (D:1)
  2 bats (D:1)
  3 goblins (D:1)
  3 hobgoblins (D:1)
  A kobold (D:1)
  2 rats (D:1)
13 creatures vanquished.

Vanquished Creatures (collateral kills)
  A dart slug (D:1)
  A bat (D:1)
2 creatures vanquished.

Vanquished Creatures (others)
  A plant (D:1)
1 creature vanquished.

Grand Total: 16 creatures vanquished

Notes
Turn   | Place    | Note
-------+----------+-------------------------------------------
     0 | D:1      | purpskrrrp the Demonspawn Wanderer began the quest for the
                  | Orb.
     0 | D:1      | purpskrrrp set off with the following items: a +2 hand axe,
                  | a +0 buckler, 25 stones, a +0 leather armour; and the
                  | following spell memorised: Sandblast; and the following
                  | spells available to memorise: Stone Arrow
     0 | D:1      | Reached XP level 1. HP: 13/13 MP: 4/4
   247 | D:1      | Found Dockelap's Antique Armour Shoppe.
   259 | D:1      | Found Zealyun's Weapon Shoppe.
   298 | D:1      | Found Jyselu's Antique Weapon Boutique.
   299 | D:1      | Found Liehew's Book Boutique.
   516 | D:1      | Gained mutation: A weak demonic guardian rushes to your
                  | aid. [demonic ancestry]
   516 | D:1      | Reached XP level 2. HP: 15/19 MP: 6/6
   585 | D:1      | Found a faded altar of an unknown god.
   600 | D:1      | Found Poczuy's Weapon Shoppe.
  1003 | D:2      | Noticed Terence
  1011 | D:2      | Mangled by Terence

Illustrated notes

Levels and vault maps discovered:
D:1:      arrival_zaba_pyramid, layout_basic, serial_shops,
          nicolae_shop_crystal, shop, nicolae_diamond_shop,
          nicolae_shop_crystal, shop, shapermc_ecumenical_altar_mp_ritualfount
D:2:      layout_rooms, chequers_decorated_corner, minmay_splitting_lines,
          uniq_terence

Skill      XL: |  1 |
---------------+----+-----
Axes           | 3 |  3.3
Throwing       | |  1.0
Armour         | |  1.0
Dodging        | |  1.0
Shields        | |  1.0
Spellcasting   | |  3.2

Action                   || total
-------------------------++-------
Melee: Hand axe          ||    41
 Cast: Sandblast         ||     7
  Use: Scroll            ||     1
Armor: Leather armour    ||    21
Dodge: Dodged            ||    35
Block: Buckler           ||     4
